 Dungeon Sprint DCSS version 0.26.1-11-gd32895ea62 (webtiles) character file.

Game seed: 56917488679357229

58 Zeld the Shield-Bearer (level 3, -2/36 HPs)
             Began as a Deep Dwarf Fighter on June 9, 2021.
             Was an Initiate of Makhleb.
             Splashed by an oklob sapling priest's acid (12 damage)
             ... in the Dungeon (Sprint IV: "Fedhas' Mad Dash").
             The game lasted 00:00:32 (688 turns).

Zeld the Shield-Bearer (Deep Dwarf Fighter)          Turns: 688, Time: 00:00:32

Health: -2/36      AC:  0    Str: 20    XL:     3   Next: 76%
Magic:  2/3        EV:  7    Int:  8    God:    Makhleb [......]
Gold:   40         SH: 10    Dex: 12    Spells: 2/2 levels left

rFire    . . .     SeeInvis .   a - +0 war axe
rCold    . . .     Faith    .   c - +0 kite shield
rNeg     . . .     Spirit   .   b - +0 scale mail
rPois    .         Reflect  .   i - +0 helmet
rElec    .         Harm     .   (no cloak)
rCorr    .         Rampage  .   (no gloves)
Will     .....     NoTele   +   (no boots)
Stlth    ..........             l - amulet of invisibility {+Inv}
HPRegen  0.00/turn              (no ring)
MPRegen  0.08/turn              (no ring)

@: corroded, very slightly contaminated, non-regenerating
A: damage resistance, heal wounds, sense surroundings 1, no regeneration
a: Heal Wounds, Renounce Religion, Evoke Invisibility


You were in the Dungeon.
You worshipped Makhleb.
Makhleb was noncommittal.
You visited 1 branch You collected 40 gold pieces.

Inventory:

Hand Weapons
 a - a +0 war axe (weapon)
Armour
 b - a +0 scale mail (worn)
 c - a +0 kite shield (worn)
 i - a +0 helmet (worn)
Jewellery
 l - the amulet of invisibility (around neck) {+Inv}
   (You found it in the Dungeon)

   [amulet of nothing]

   It lets you turn invisible.
Scrolls
 j - a scroll of blinking
 k - a scroll of magic mapping {unknown}
Potions
 d - a potion of might
 e - a potion of curing
 f - a potion of heal wounds
 g - a potion of haste
 h - 2 potions of magic


   Skills:
 + Level 4.0 Fighting
 * Level 5.5 Axes
 - Level 3.2 Armour
 * Level 6.1 Shields


You had 2 spell levels left.
You didn't know any spells.
Your spell library was empty.

Dungeon Overview and Level Annotations

Branches:
Dungeon (1/1)

Altars:
Cheibriados
Dithmenos
Elyvilon
Gozag
Hepliaklqana
Kikubaaqudgha
Makhleb
Nemelex Xobeh
Okawaru
Qazlal
Ru
Sif Muna
Trog
Uskayaw
Vehumet
Wu Jian
Xom
Yredelemnul
Zin
The Shining One
Beogh
Jiyva
Lugonu

Annotations:
D exclusion: oklob sapling


Innate Abilities, Weirdness & Mutations

You are resistant to damage.
You can heal yourself by infusing magical energy.
You passively map a small area around you.
You do not regenerate.


Message History

You kneel at the altar of Makhleb.
Makhleb welcomes you!
There is a sparkling altar of Nemelex Xobeh here.
You feel much better.
The oklob sapling priest spits acid at something.
You hit the oklob sapling priest but do no damage.
You flicker back into view.
You hit the oklob sapling priest but do no damage.
You hit the oklob sapling priest but do no damage.
The oklob sapling priest miscasts a cantrip.
You hit the oklob sapling priest but do no damage.
The oklob sapling priest spits acid at you.
The splash of acid hits you!
You are splashed with acid!
You are too injured to fight recklessly!
You hit the oklob sapling priest but do no damage.
The oklob sapling priest spits acid at you.
The splash of acid hits you.
* * * LOW HITPOINT WARNING * * *
The acid corrodes you!
You are splashed with acid!
You die...

########################
....#.....#.⌠._._._._.⌠.
....'.#...'.._._._._._..
....#.#...#..._.@P_._...
########+##.._._._._._..
* , , +, #._._._._._.⌠.
* , ,, ,############## *
, , * * , , ** * , , , *
, , , * *, , * , * * * *


You could see an oklob sapling priest.

Vanquished Creatures
  An oklob sapling (D)
  A worker ant (D)
  A river rat (D)
  A rat (D)
4 creatures vanquished.

Vanquished Creatures (others)
  2 fungi (D)
2 creatures vanquished.

Grand Total: 6 creatures vanquished

Notes
Turn   | Place    | Note
-------+----------+-------------------------------------------
     0 | D        | Zeld the Deep Dwarf Fighter began the quest for the Orb.
     0 | D        | Reached XP level 1. HP: 20/20 MP: 1/1
    10 | D        | Reached skill level 4 in Shields
    10 | D        | Reached XP level 2. HP: 19/28 MP: 2/2
   415 | D        | Noticed an oklob sapling
   418 | D        | Killed an oklob sapling
   419 | D        | Reached skill level 5 in Shields
   419 | D        | Reached XP level 3. HP: 36/36 MP: 3/3
   421 | D        | Found the amulet of invisibility {+Inv}
   423 | D        | Reached skill level 5 in Axes
   423 | D        | Reached skill level 6 in Shields
   666 | D        | Found an opulent altar of Gozag.
   666 | D        | Found a hazy altar of Hepliaklqana.
   666 | D        | Found a burning altar of Makhleb.
   666 | D        | Found a roughly hewn altar of Beogh.
   666 | D        | Found a sparkling altar of Nemelex Xobeh.
   666 | D        | Found a snail-covered altar of Cheibriados.
   666 | D        | Found a sacrificial altar of Ru.
   666 | D        | Found a shimmering blue altar of Sif Muna.
   666 | D        | Found a shimmering altar of Xom.
   666 | D        | Found a basalt altar of Yredelemnul.
   669 | D        | Found a viscous altar of Jiyva.
   669 | D        | Found a bloodstained altar of Trog.
   669 | D        | Found an ornate altar of the Wu Jian Council.
   669 | D        | Noticed an oklob sapling priest
   670 | D        | Found an iron altar of Okawaru.
   670 | D        | Found a shadowy altar of Dithmenos.
   670 | D        | Found a glowing silver altar of Zin.
   671 | D        | Found an ancient bone altar of Kikubaaqudgha.
   671 | D        | Found a hide-covered altar of Uskayaw.
   672 | D        | Found a stormy altar of Qazlal.
   672 | D        | Found a white marble altar of Elyvilon.
   672 | D        | Found a glowing golden altar of the Shining One.
   673 | D        | Found a corrupted altar of Lugonu.
   673 | D        | Found a radiant altar of Vehumet.
   676 | D        | HP: 1/36 [acid (15)]
   680 | D        | Became a worshipper of Makhleb the Destroyer
   688 | D        | Splashed by an oklob sapling priest's acid

Illustrated notes

Levels and vault maps discovered:
D:        dungeon_sprint_fedhas [sprint_temple]

Skill      XL: |  1  2  3 |
---------------+----------+-----
Fighting       | 3 4 |  4.0
Axes           | 3 4 5 |  5.5
Shields        | 4 5 6 |  6.1
Armour         | |  3.2

Action                   || total
-------------------------++-------
Melee: War axe           ||    12
 Abil: Heal Wounds       ||     2
       Evoke Invisibilit ||     1
  Use: Potion            ||     1
Armor: Scale mail        ||     1
Dodge: Dodged            ||     3
